TOP OF THE 1ST |
Fresno Deplorables batting - Pitching for Houston Marshals : RHP Ron Scott
|
Pitching: RHP Ron Scott
|
|
Batting: RHB Dani Vázquez
|
0-0: Ball 1-0: Foul Ball, location: 2F 1-1: SINGLE (Groundball, 6MD)
|
Batting: LHB Paul Mullins
|
0-0: Ball 1-0: Ball 2-0: Fly out, F8 (Flyball, 8LM)
|
Batting: LHB Jeff Daniels
|
0-0: Ball 1-0: Foul Ball, location: 2F 1-1: Ball Wild Pitch! Dani Vázquez to second 2-1: Foul Ball, location: 2F 2-2: Fly out, F7 (Flyball, 7LS)
|
Batting: LHB Troy Donaldson
|
0-0: Ball 1-0: Ball 2-0: SINGLE (Flyball, 8RS) Dani Vázquez to third Runner from 3rd tries for Home, SAFE, no throw
|
Batting: RHB Paco Arellano
|
0-0: Ball 1-0: Fielders Choice at 2nd, 5-4 (Groundball, 56)
|
Top of the 1st over - 1 run(s), 2 hit(s), 0 error(s), 0 left on base; Fresno 1 - Houston 0 |
BOTTOM OF THE 1ST |
Houston Marshals batting - Pitching for Fresno Deplorables : RHP Dionisio Penni
|
Pitching: RHP Dionisio Penni
|
|
Batting: SHB Ramón Lugo
|
0-0: Called Strike 0-1: Called Strike 0-2: Ball 1-2: Strikes out swinging
|
Batting: RHB Chris Parker
|
0-0: Ball 1-0: Foul Ball, location: 2F 1-1: Foul Ball, location: 2F 1-2: Ball 2-2: Strikes out swinging
|
Batting: LHB Matt Smith
|
0-0: Called Strike 0-1: Swinging Strike 0-2: Ground out 4-3 (Groundball, 4)
|
Bottom of the 1st over - 0 run(s), 0 hit(s), 0 error(s), 0 left on base; Fresno 1 - Houston 0 |
TOP OF THE 2ND |
Fresno Deplorables batting - Pitching for Houston Marshals : RHP Ron Scott
|
Batting: RHB Manolo Román
|
0-0: Called Strike 0-1: Ball 1-1: Ball 2-1: SINGLE (Groundball, 6D)
|
Batting: LHB Keith Beard
|
0-0: Ball 1-0: Swinging Strike 1-1: Ground out 4-3 (Groundball, 34) Manolo Román to second
|
Batting: RHB Aaron Scott
|
0-0: Foul Ball, location: 2F 0-1: Ball 1-1: Fly out, F8 (Flyball, 8RM)
|
Batting: RHB Robert Bly
|
0-0: Ball 1-0: Foul Ball, location: 2F 1-1: Fly out, F9 (Flyball, 9S)
|
Top of the 2nd over - 0 run(s), 1 hit(s), 0 error(s), 1 left on base; Fresno 1 - Houston 0 |
BOTTOM OF THE 2ND |
Houston Marshals batting - Pitching for Fresno Deplorables : RHP Dionisio Penni
|
Batting: SHB Juan Gómez
|
0-0: Swinging Strike 0-1: Ball 1-1: SOLO HOME RUN (Flyball, 89XD), Distance : 431 ft
|
Batting: LHB José Rodríguez
|
0-0: Called Strike 0-1: Called Strike 0-2: Strikes out looking
|
Batting: LHB John Peterson
|
0-0: Ball 1-0: Foul Ball, location: 2F 1-1: Called Strike 1-2: Strikes out swinging
|
Batting: RHB Jim Tracy
|
0-0: Foul Ball, location: 2F 0-1: Foul Ball, location: 2F 0-2: DOUBLE (Flyball, 8LD) - OUT at third base trying to stretch hit.
|
Bottom of the 2nd over - 1 run(s), 2 hit(s), 0 error(s), 0 left on base; Fresno 1 - Houston 1 |
TOP OF THE 3RD |
Fresno Deplorables batting - Pitching for Houston Marshals : RHP Ron Scott
|
Batting: RHB Dani Vázquez
|
0-0: Ball 1-0: Ball 2-0: Foul Ball, location: 2F 2-1: Called Strike 2-2: Foul Ball, location: 2F 2-2: Ball 3-2: Base on Balls
|
Batting: LHB Paul Mullins
|
0-0: Ball 1-0: Swinging Strike 1-1: Grounds into double play, 1-6-3 (Groundball, P)
|
Batting: LHB Jeff Daniels
|
0-0: Called Strike 0-1: Ball 1-1: Fly out, F8 (Line Drive, 8RD)
|
Top of the 3rd over - 0 run(s), 0 hit(s), 0 error(s), 0 left on base; Fresno 1 - Houston 1 |
BOTTOM OF THE 3RD |
Houston Marshals batting - Pitching for Fresno Deplorables : RHP Dionisio Penni
|
Batting: RHB Sadao Kimura
|
0-0: Fly out, F7 (Flyball, 7S)
|
Batting: SHB Álex Rosado
|
0-0: Foul Ball, location: 2F 0-1: Called Strike 0-2: Ball 1-2: Ball 2-2: Strikes out swinging
|
Batting: SHB Ramón Lugo
|
0-0: Ball 1-0: Foul Ball, location: 2F 1-1: Ball 2-1: Ball 3-1: Called Strike 3-2: Ground out 4-3 (Groundball, 4)
|
Bottom of the 3rd over - 0 run(s), 0 hit(s), 0 error(s), 0 left on base; Fresno 1 - Houston 1 |
TOP OF THE 4TH |
Fresno Deplorables batting - Pitching for Houston Marshals : RHP Ron Scott
|
Batting: LHB Troy Donaldson
|
0-0: Foul Ball, location: 2F 0-1: Fly out, F8 (Flyball, 8RM)
|
Batting: RHB Paco Arellano
|
0-0: Ball 1-0: Ball 2-0: SINGLE (Flyball, 89S)
|
Batting: RHB Manolo Román
|
0-0: Called Strike 0-1: Ball 1-1: Ball 2-1: Ball 3-1: Foul Ball, location: 2F 3-2: Reached on error, E6 (Groundball, 6) Paco Arellano to second
|
Batting: LHB Keith Beard
|
0-0: Foul Ball, location: 2F 0-1: Ball 1-1: SINGLE (Flyball, 4MD) Paco Arellano to third Manolo Román to second Runner from 3rd tries for Home, SAFE, throw made home Manolo Román to third Keith Beard to second
|
Batting: RHB Aaron Scott
|
0-0: Foul Ball, location: 2F 0-1: Ground out 4-3 (Groundball, 4) Manolo Román scores Keith Beard to third
|
Batting: RHB Robert Bly
|
0-0: Ball 1-0: Called Strike 1-1: Fly out, F7 (Flyball, 7LM)
|
Top of the 4th over - 2 run(s), 2 hit(s), 1 error(s), 1 left on base; Fresno 3 - Houston 1 |
BOTTOM OF THE 4TH |
Houston Marshals batting - Pitching for Fresno Deplorables : RHP Dionisio Penni
|
Batting: RHB Chris Parker
|
0-0: Ball 1-0: Foul Ball, location: 2F 1-1: Swinging Strike 1-2: Strikes out looking
|
Batting: LHB Matt Smith
|
0-0: Called Strike 0-1: SINGLE (Groundball, 56D)
|
Batting: SHB Juan Gómez
|
0-0: Swinging Strike 0-1: Swinging Strike 0-2: Ball 1-2: Ball 2-2: Strikes out looking
|
Batting: LHB José Rodríguez
|
0-0: Fly out, F7 (Flyball, 7S)
|
Bottom of the 4th over - 0 run(s), 1 hit(s), 0 error(s), 1 left on base; Fresno 3 - Houston 1 |
TOP OF THE 5TH |
Fresno Deplorables batting - Pitching for Houston Marshals : RHP Ron Scott
|
Pitching: RHP Jim Daniel
|
|
Batting: RHB Dani Vázquez
|
0-0: Ground out 6-3 (Groundball, 6)
|
Batting: LHB Paul Mullins
|
0-0: Ball 1-0: Foul Ball, location: 2F 1-1: Called Strike 1-2: Ball 2-2: Foul Ball, location: 2F 2-2: Ball 3-2: Reached on error, E3 (Groundball, 34)
|
Batting: LHB Jeff Daniels
|
0-0: Ball 1-0: Ball 2-0: Fly out, F3 (Line Drive, 3L)
|
Batting: LHB Troy Donaldson
|
0-0: Ball 1-0: Swinging Strike 1-1: Ball 2-1: Fly out, F6 (Line Drive, 6M)
|
Top of the 5th over - 0 run(s), 0 hit(s), 1 error(s), 1 left on base; Fresno 3 - Houston 1 |
BOTTOM OF THE 5TH |
Houston Marshals batting - Pitching for Fresno Deplorables : RHP Dionisio Penni
|
Pitching: RHP Butch Ramey
|
|
Batting: LHB John Peterson
|
0-0: SINGLE (Line Drive, 8LS)
|
Batting: RHB Jim Tracy
|
0-0: Foul Ball, location: 2F 0-1: Swinging Strike 0-2: Ball 1-2: Foul Ball, location: 2F 1-2: Foul Ball, location: 2F 1-2: Ball 2-2: Foul Ball, location: 2F 2-2: Strikes out swinging
|
Batting: RHB Sadao Kimura
|
0-0: Ball 1-0: Ball John Peterson steals 2nd base 2-0: Called Strike 2-1: Swinging Strike 2-2: Fly out, F8 (Flyball, 8LM)
|
Batting: SHB Álex Rosado
|
0-0: Ball Passed Ball! John Peterson to third 1-0: Called Strike 1-1: Ball 2-1: Foul Ball, location: 2F 2-2: Ball 3-2: Strikes out swinging
|
Bottom of the 5th over - 0 run(s), 1 hit(s), 0 error(s), 1 left on base; Fresno 3 - Houston 1 |
TOP OF THE 6TH |
Fresno Deplorables batting - Pitching for Houston Marshals : RHP Jim Daniel
|
Batting: RHB Paco Arellano
|
0-0: Called Strike 0-1: Fly out, F8 (Flyball, 8LM)
|
Batting: RHB Manolo Román
|
0-0: Ground out 6-3 (Groundball, 6)
|
Batting: LHB Keith Beard
|
0-0: Fly out, F8 (Flyball, 8LD)
|
Top of the 6th over - 0 run(s), 0 hit(s), 0 error(s), 0 left on base; Fresno 3 - Houston 1 |
BOTTOM OF THE 6TH |
Houston Marshals batting - Pitching for Fresno Deplorables : RHP Butch Ramey
|
Batting: SHB Ramón Lugo
|
0-0: Ground out U3 (Groundball, 3L)
|
Batting: RHB Chris Parker
|
0-0: Ball 1-0: Swinging Strike 1-1: Fly out, F5 (Line Drive, 5)
|
Batting: LHB Matt Smith
|
0-0: Called Strike 0-1: Ball 1-1: Fly out, F8 (Flyball, 8LD)
|
Bottom of the 6th over - 0 run(s), 0 hit(s), 0 error(s), 0 left on base; Fresno 3 - Houston 1 |
TOP OF THE 7TH |
Fresno Deplorables batting - Pitching for Houston Marshals : RHP Jim Daniel
|
Batting: RHB Aaron Scott
|
0-0: Called Strike 0-1: Ball 1-1: Ball 2-1: Foul Ball, location: 2F 2-2: Ball 3-2: Foul Ball, location: 2F 3-2: Strikes out swinging
|
Batting: RHB Robert Bly
|
0-0: Called Strike 0-1: Ground out 4-3 (Groundball, 4)
|
Pinch Hitting: RHB Jesús Gutiérrez
|
0-0: Ball 1-0: Ball 2-0: Ball 3-0: Called Strike 3-1: Base on Balls
|
Batting: LHB Paul Mullins
|
0-0: Called Strike 0-1: Called Strike 0-2: Strikes out swinging
|
Top of the 7th over - 0 run(s), 0 hit(s), 0 error(s), 1 left on base; Fresno 3 - Houston 1 |
BOTTOM OF THE 7TH |
Houston Marshals batting - Pitching for Fresno Deplorables : RHP Butch Ramey
|
Now at SS: Jesús Gutiérrez
|
|
Batting: SHB Juan Gómez
|
0-0: Foul Ball, location: 2F 0-1: Foul Ball, location: 2F 0-2: Foul Ball, location: 2F 0-2: Foul Ball, location: 2F 0-2: Ball 1-2: Ball 2-2: Ball 3-2: Fly out, F8 (Flyball, 8RM)
|
Batting: LHB José Rodríguez
|
0-0: Swinging Strike 0-1: Ball 1-1: Ball 2-1: Called Strike 2-2: Ball 3-2: Base on Balls
|
Pitching: LHP Allan Bader
|
|
Batting: LHB John Peterson
|
0-0: Called Strike 0-1: Ball 1-1: SINGLE (Groundball, 34D) José Rodríguez to second
|
Pitching: LHP José Garza
|
|
Batting: RHB Jim Tracy
|
0-0: Ball 1-0: Swinging Strike 1-1: Called Strike 1-2: Fly out, F2 (Popup, 23)
|
Pinch Hitting: RHB Alberto Velásquez
|
0-0: DOUBLE (Line Drive, 7LD) José Rodríguez scores John Peterson to third Runner from 3rd tries for Home, SAFE, no throw
|
Batting: SHB Álex Rosado
|
0-0: Ball 1-0: Swinging Strike 1-1: Called Strike 1-2: Foul Ball, location: 2F 1-2: Ball Wild Pitch! Alberto Velásquez to third 2-2: Foul Ball, location: 2F 2-2: Ball 3-2: Strikes out looking
|
Bottom of the 7th over - 2 run(s), 2 hit(s), 0 error(s), 1 left on base; Fresno 3 - Houston 3 |
TOP OF THE 8TH |
Fresno Deplorables batting - Pitching for Houston Marshals : RHP Jim Daniel
|
Now in RF: Mark Thomas
|
|
Batting: LHB Nick Scott
|
0-0: Ball 1-0: Ball 2-0: Fly out, F9 (Flyball, 89S)
|
Batting: LHB Troy Donaldson
|
0-0: Swinging Strike 0-1: Fly out, F7 (Flyball, 7)
|
Batting: RHB Paco Arellano
|
0-0: Ball 1-0: Called Strike 1-1: Foul Ball, location: 2F 1-2: Ball 2-2: Foul Ball, location: 2F 2-2: Strikes out swinging
|
Top of the 8th over - 0 run(s), 0 hit(s), 0 error(s), 0 left on base; Fresno 3 - Houston 3 |
BOTTOM OF THE 8TH |
Houston Marshals batting - Pitching for Fresno Deplorables : LHP José Garza
|
Batting: SHB Ramón Lugo
|
0-0: Called Strike 0-1: Ball 1-1: Ball 2-1: Foul Ball, location: 2F 2-2: Ball 3-2: Foul Ball, location: 2F 3-2: SINGLE (Groundball, 6D)
|
Batting: RHB Gustavo Díaz
|
0-0: Called Strike 0-1: Ball 1-1: Ball 2-1: Ball 3-1: Grounds into double play, 6-4-3 (Groundball, 6D)
|
Batting: LHB Matt Smith
|
0-0: Ball 1-0: Foul Ball, location: 2F 1-1: SINGLE (Groundball, 34) (infield hit)
|
Batting: SHB Juan Gómez
|
0-0: Ball 1-0: Called Strike 1-1: Swinging Strike 1-2: Strikes out swinging
|
Bottom of the 8th over - 0 run(s), 2 hit(s), 0 error(s), 1 left on base; Fresno 3 - Houston 3 |
TOP OF THE 9TH |
Fresno Deplorables batting - Pitching for Houston Marshals : RHP Jim Daniel
|
Pitching: RHP Vinícius Itaquy
|
|
Pinch Hitting: RHB R.J. Parker
|
0-0: Ball 1-0: Ball 2-0: Foul Ball, location: 2F 2-1: Ground out 6-3 (Groundball, 6)
|
Batting: LHB Keith Beard
|
0-0: Called Strike 0-1: Ball 1-1: Foul Ball, location: 2F 1-2: Ball 2-2: SINGLE (Line Drive, 34D)
|
Pinch Hitting: LHB Jeff Doss
|
0-0: Called Strike 0-1: Foul Ball, location: 2F 0-2: Foul Ball, location: 2F 0-2: Ball 1-2: Ball 2-2: SINGLE (Groundball, 56D) Keith Beard to second
|
Batting: RHB Robert Bly
|
0-0: SINGLE (Groundball, 6S) (infield hit) Keith Beard to third Jeff Doss to second
|
Batting: RHB Jesús Gutiérrez
|
0-0: Ball 1-0: Ball 2-0: SINGLE (Groundball, 56) Keith Beard scores Jeff Doss to third Robert Bly to second
|
Batting: LHB Paul Mullins
|
0-0: Ball 1-0: Ball 2-0: Ball 3-0: Base on Balls Jeff Doss scores Robert Bly to third Jesús Gutiérrez to second
|
Batting: LHB Nick Scott
|
0-0: Called Strike 0-1: Ball 1-1: Called Strike 1-2: Strikes out swinging
|
Batting: LHB Troy Donaldson
|
0-0: Ball 1-0: Called Strike 1-1: Ball 2-1: Called Strike 2-2: Ball 3-2: Ground out 4-3 (Groundball, 4)
|
Top of the 9th over - 2 run(s), 4 hit(s), 0 error(s), 3 left on base; Fresno 5 - Houston 3 |
BOTTOM OF THE 9TH |
Houston Marshals batting - Pitching for Fresno Deplorables : LHP José Garza
|
Pitching: LHP Valentín Reséndez
|
|
Now at 2B: Jeff Doss
|
|
Now at 3B: R.J. Parker
|
|
Batting: LHB José Rodríguez
|
0-0: Fly out, F7 (Flyball, 78D)
|
Batting: LHB John Peterson
|
0-0: Foul Ball, location: 2F 0-1: Swinging Strike 0-2: Ball 1-2: Strikes out swinging
|
Batting: RHB Jim Tracy
|
0-0: Ball 1-0: Ball 2-0: Ball 3-0: Base on Balls
|
Batting: LHB Mark Thomas
|
0-0: Foul Ball, location: 2F 0-1: Ball 1-1: Fly out, F9 (Line Drive, 9)
|
Bottom of the 9th over - 0 run(s), 0 hit(s), 0 error(s), 1 left on base; Fresno 5 - Houston 3 |
|